[ AOE2 MATCH · #505961225 ]
UnrankedArmenians vs Britons
Player's team · LOSS
Rival team · WIN
[ REPLAY ANALYSIS · EXTRACTED FROM THE RECORDED GAME ]
Feudal
8:51
Castle
22:09
Imperial
—
| APM avg | 112.7 |
| APM peak | 254 |
| eAPM avg | 72.2 |
| Villagers / military | 147 / 128 |
Focus
⚔️ 75.9% · 🌾 24.1%
Militia ×115 · Battering Ram ×8 · Mangonel ×4 · Warrior Priest ×1
Feudal
8:53
Castle
20:49
Imperial
43:49
| APM avg | 72.6 |
| APM peak | 106 |
| eAPM avg | 26.7 |
| Villagers / military | 140 / 127 |
Focus
⚔️ 31.9% · 🌾 68.1%
Archer ×115 · Mangonel ×6 · Skirmisher ×4 · Battering Ram ×2
Match map
Initial resources + every placement click. Lines = walls · curves = elevation contours. ◆ gold · ⬟ stone · ● berries · ✦ relic · ◌ wall gap
Your base· Open — 4t gap
Dziamdziak's base· Open — 1t gap
Smoothed initial terrain · ◌ = detected wall gap · hover for details
Inputs per minute
— RoR | Hellequinn - - Dziamdziak
Build order — RoR | Hellequinn
First 150 of 450 actions detected
| 0:01 | Queue | Villager (Male) |
| 0:01 | Queue | Villager (Male) |
| 0:02 | Build | House |
| 0:05 | Build | House |
| 0:12 | Queue | Villager (Male) |
| 0:13 | Queue | Villager (Male) |
| 1:27 | Queue | Villager (Male) |
| 1:51 | Queue | Villager (Male) |
| 2:07 | Queue | Villager (Male) |
| 2:17 | Build | Mule Cart |
| 2:32 | Queue | Villager (Male) |
| 2:50 | Queue | Villager (Male) |
| 3:03 | Queue | Villager (Male) |
| 3:28 | Queue | Villager (Male) |
| 3:36 | Queue | Villager (Male) |
| 3:36 | Queue | Villager (Male) |
| 3:55 | Queue | Villager (Male) |
| 4:11 | Build | House |
| 5:26 | Queue | Villager (Male) |
| 5:27 | Queue | Villager (Male) |
| 5:30 | Build | Barracks |
| 5:58 | Research | Loom |
| 6:17 | Build | House |
| 6:27 | Queue | Militia |
| 6:34 | Research | Feudal Age |
| 6:50 | Queue | Militia |
| 7:06 | Build | Mule Cart |
| 7:30 | Queue | Militia |
| 7:55 | Queue | Villager (Male) |
| 8:00 | Build | House |
| 8:03 | Queue | Militia |
| 8:20 | Queue | Villager (Male) |
| 8:33 | Queue | Villager (Male) |
| 8:34 | Queue | Villager (Male) |
| 8:51 | Age | Feudal Age |
| 8:58 | Research | Man-at-Arms (upgrade) |
| 9:12 | Build | Watch Tower |
| 9:50 | Queue | Villager (Male) |
| 9:52 | Research | Long Swordsman (upgrade) |
| 10:16 | Queue | Villager (Male) |
| 10:16 | Queue | Villager (Male) |
| 10:31 | Build | House |
| 10:44 | Queue | Villager (Male) |
| 11:07 | Queue | Villager (Male) |
| 11:09 | Build | Mule Cart |
| 11:10 | Queue | Villager (Male) |
| 11:10 | Queue | Villager (Male) |
| 11:10 | Queue | Villager (Male) |
| 11:34 | Build | Mill |
| 12:01 | Queue | Villager (Male) |
| 12:05 | Build | Watch Tower |
| 12:44 | Queue | Villager (Male) |
| 12:49 | Research | Double-Bit Axe |
| 12:49 | Research | Double-Bit Axe |
| 12:56 | Build | Mill |
| 13:09 | Queue | Villager (Male) |
| 13:27 | Queue | Villager (Male) |
| 13:30 | Build | Farm |
| 13:31 | Build | Farm |
| 13:32 | Build | Farm |
| 13:33 | Build | Farm |
| 13:34 | Build | Farm |
| 13:45 | Queue | Villager (Male) |
| 13:46 | Build | Farm |
| 13:53 | Queue | Villager (Male) |
| 14:05 | Queue | Villager (Male) |
| 14:07 | Build | House |
| 14:08 | Build | House |
| 14:11 | Queue | Villager (Male) |
| 14:30 | Build | House |
| 14:32 | Build | House |
| 14:34 | Build | Farm |
| 14:40 | Queue | Villager (Male) |
| 14:41 | Research | Town Watch |
| 14:51 | Queue | Villager (Male) |
| 15:02 | Queue | Militia |
| 15:02 | Queue | Militia |
| 15:04 | Queue | Villager (Male) |
| 15:19 | Queue | Villager (Male) |
| 15:31 | Queue | Militia |
| 15:32 | Queue | Villager (Male) |
| 15:45 | Queue | Villager (Male) |
| 15:49 | Build | Blacksmith |
| 15:50 | Queue | Villager (Male) |
| 15:59 | Queue | Militia |
| 16:19 | Queue | Villager (Male) |
| 16:22 | Build | Watch Tower |
| 16:25 | Build | Watch Tower |
| 16:28 | Research | Scale Mail Armor |
| 16:31 | Queue | Villager (Male) |
| 16:38 | Build | Palisade Gate |
| 16:50 | Queue | Villager (Male) |
| 16:51 | Build | House |
| 16:52 | Queue | Villager (Male) |
| 16:52 | Queue | Villager (Male) |
| 17:19 | Queue | Militia |
| 17:20 | Queue | Villager (Male) |
| 17:21 | Build | Barracks |
| 17:29 | Queue | Militia |
| 17:30 | Queue | Villager (Male) |
| 17:32 | Build | Farm |
| 17:32 | Build | Farm |
| 17:33 | Build | Farm |
| 17:58 | Queue | Villager (Male) |
| 18:00 | Build | Farm |
| 18:03 | Queue | Villager (Male) |
| 18:22 | Queue | Villager (Male) |
| 18:28 | Queue | Villager (Male) |
| 18:39 | Build | Market |
| 19:29 | Research | Castle Age |
| 19:54 | Build | Outpost |
| 19:58 | Queue | Militia |
| 19:59 | Queue | Militia |
| 19:59 | Queue | Militia |
| 20:01 | Queue | Villager (Male) |
| 20:17 | Build | Outpost |
| 20:43 | Build | Mule Cart |
| 20:54 | Queue | Villager (Male) |
| 20:56 | Queue | Militia |
| 20:56 | Queue | Militia |
| 20:57 | Queue | Militia |
| 21:08 | Queue | Militia |
| 21:38 | Build | Farm |
| 21:38 | Build | Farm |
| 22:09 | Queue | Villager (Male) |
| 22:09 | Age | Castle Age |
| 22:12 | Research | Squires |
| 22:12 | Research | Gambesons |
| 22:23 | Research | Chain Mail Armor |
| 22:36 | Queue | Militia |
| 22:36 | Queue | Militia |
| 23:02 | Queue | Militia |
| 23:14 | Build | Barracks |
| 23:21 | Queue | Militia |
| 23:22 | Queue | Militia |
| 23:26 | Build | Siege Workshop |
| 23:39 | Queue | Militia |
| 23:40 | Queue | Militia |
| 23:40 | Queue | Militia |
| 23:41 | Queue | Militia |
| 23:43 | Queue | Villager (Male) |
| 23:45 | Build | Farm |
| 23:58 | Queue | Militia |
| 23:58 | Queue | Militia |
| 24:06 | Queue | Militia |
| 24:06 | Queue | Militia |
| 24:22 | Build | Monastery |
| 24:27 | Queue | Militia |
| 24:37 | Queue | Militia |
| 24:56 | Queue | Battering Ram |
Build order — Dziamdziak
First 150 of 427 actions detected
| 0:00 | Queue | Villager (Male) |
| 0:00 | Queue | Villager (Male) |
| 0:03 | Build | House |
| 0:04 | Build | House |
| 0:12 | Queue | Villager (Male) |
| 0:31 | Queue | Villager (Male) |
| 1:18 | Queue | Villager (Male) |
| 1:19 | Build | Lumber Camp |
| 1:50 | Queue | Villager (Male) |
| 2:16 | Queue | Villager (Male) |
| 2:16 | Queue | Villager (Male) |
| 2:40 | Queue | Villager (Male) |
| 3:10 | Queue | Villager (Male) |
| 3:22 | Build | House |
| 3:26 | Queue | Villager (Male) |
| 3:33 | Build | House |
| 4:01 | Queue | Villager (Male) |
| 4:01 | Queue | Villager (Male) |
| 4:15 | Build | Mill |
| 4:22 | Queue | Villager (Male) |
| 4:41 | Queue | Villager (Male) |
| 5:02 | Queue | Villager (Male) |
| 5:42 | Queue | Villager (Male) |
| 6:00 | Queue | Villager (Male) |
| 6:43 | Research | Feudal Age |
| 6:48 | Build | Mining Camp |
| 7:08 | Build | Lumber Camp |
| 7:43 | Research | Loom |
| 7:43 | Queue | Villager (Male) |
| 7:48 | Build | Palisade Wall |
| 7:49 | Build | Palisade Wall |
| 7:52 | Build | Palisade Wall |
| 7:57 | Build | Palisade Wall |
| 7:58 | Build | Palisade Wall |
| 8:23 | Build | Barracks |
| 8:53 | Age | Feudal Age |
| 9:00 | Research | Double-Bit Axe |
| 9:00 | Research | Double-Bit Axe |
| 9:18 | Build | Palisade Wall |
| 9:30 | Build | Archery Range |
| 9:36 | Build | Palisade Wall |
| 9:38 | Build | Palisade Wall |
| 9:39 | Build | Palisade Wall |
| 9:46 | Queue | Villager (Male) |
| 9:51 | Queue | Villager (Male) |
| 10:02 | Queue | Villager (Male) |
| 10:41 | Queue | Archer |
| 10:46 | Build | Archery Range |
| 10:49 | Queue | Villager (Male) |
| 11:05 | Build | House |
| 11:17 | Queue | Skirmisher |
| 11:18 | Queue | Villager (Male) |
| 11:34 | Queue | Villager (Male) |
| 11:39 | Build | House |
| 12:05 | Queue | Villager (Male) |
| 12:05 | Queue | Villager (Male) |
| 12:08 | Build | Mining Camp |
| 12:18 | Build | Blacksmith |
| 12:24 | Queue | Villager (Male) |
| 12:28 | Queue | Skirmisher |
| 12:28 | Queue | Skirmisher |
| 12:47 | Queue | Villager (Male) |
| 12:50 | Build | Farm |
| 12:51 | Build | Farm |
| 12:58 | Research | Fletching |
| 13:06 | Build | Market |
| 13:22 | Queue | Villager (Male) |
| 13:24 | Build | Farm |
| 13:25 | Build | Farm |
| 13:31 | Queue | Archer |
| 13:34 | Queue | Skirmisher |
| 13:40 | Build | Palisade Wall |
| 13:43 | Build | Palisade Wall |
| 13:43 | Build | Palisade Wall |
| 13:44 | Build | Palisade Wall |
| 13:52 | Build | Farm |
| 13:57 | Queue | Archer |
| 13:58 | Queue | Villager (Male) |
| 14:00 | Build | Farm |
| 14:17 | Queue | Archer |
| 14:17 | Queue | Archer |
| 14:21 | Build | House |
| 14:22 | Build | House |
| 14:29 | Queue | Archer |
| 14:36 | Build | Farm |
| 14:38 | Build | Farm |
| 14:43 | Build | House |
| 14:44 | Build | House |
| 14:56 | Queue | Villager (Male) |
| 15:17 | Queue | Archer |
| 15:25 | Queue | Archer |
| 15:25 | Queue | Archer |
| 15:44 | Queue | Archer |
| 15:45 | Queue | Villager (Male) |
| 15:45 | Queue | Villager (Male) |
| 15:46 | Build | Farm |
| 15:48 | Build | Farm |
| 16:02 | Queue | Villager (Male) |
| 16:18 | Queue | Villager (Male) |
| 16:28 | Queue | Archer |
| 16:53 | Queue | Villager (Male) |
| 17:07 | Queue | Villager (Male) |
| 17:11 | Queue | Archer |
| 17:28 | Build | Farm |
| 17:29 | Build | Farm |
| 17:30 | Build | Farm |
| 18:09 | Research | Castle Age |
| 18:09 | Research | Castle Age |
| 18:37 | Queue | Archer |
| 18:37 | Queue | Archer |
| 18:50 | Research | Horse Collar |
| 19:02 | Queue | Archer |
| 19:03 | Queue | Archer |
| 20:08 | Queue | Archer |
| 20:08 | Queue | Archer |
| 20:42 | Research | Town Watch |
| 20:49 | Age | Castle Age |
| 20:52 | Research | Crossbowman (upgrade) |
| 20:52 | Research | Bodkin Arrow |
| 21:19 | Build | Town Center |
| 21:45 | Queue | Archer |
| 21:45 | Queue | Archer |
| 22:00 | Queue | Villager (Male) |
| 22:09 | Queue | Archer |
| 22:11 | Research | Wheelbarrow |
| 23:23 | Queue | Villager (Male) |
| 23:23 | Queue | Villager (Male) |
| 23:24 | Queue | Villager (Male) |
| 23:44 | Queue | Archer |
| 23:44 | Queue | Archer |
| 23:48 | Build | Town Center |
| 23:52 | Queue | Villager (Male) |
| 23:58 | Build | Siege Workshop |
| 23:59 | Queue | Villager (Male) |
| 24:03 | Build | House |
| 24:04 | Build | House |
| 24:05 | Build | House |
| 24:09 | Queue | Archer |
| 24:10 | Queue | Archer |
| 24:17 | Build | Monastery |
| 24:22 | Research | Gold Mining |
| 24:22 | Research | Gold Mining |
| 24:27 | Queue | Villager (Male) |
| 24:33 | Research | Bow Saw |
| 24:33 | Research | Bow Saw |
| 24:50 | Queue | Villager (Male) |
| 25:07 | Queue | Mangonel |
| 25:08 | Queue | Villager (Male) |
| 25:08 | Queue | Villager (Male) |
| 25:27 | Queue | Villager (Male) |
Match timeline
| 5:30 | RoR | Hellequinn · first_building Barracks |
| 7:48 | Dziamdziak · wall_segment Palisade Wall x1 |
| 7:49 | Dziamdziak · wall_segment Palisade Wall x1 |
| 7:52 | Dziamdziak · wall_segment Palisade Wall x1 |
| 7:57 | Dziamdziak · wall_segment Palisade Wall x1 |
| 7:58 | Dziamdziak · wall_segment Palisade Wall x1 |
| 8:23 | Dziamdziak · first_building Barracks |
| 8:51 | RoR | Hellequinn · age_up feudal |
| 8:53 | Dziamdziak · age_up feudal |
| 9:18 | Dziamdziak · wall_segment Palisade Wall x1 |
| 9:30 | Dziamdziak · first_building Archery Range |
| 9:36 | Dziamdziak · wall_segment Palisade Wall x1 |
| 9:38 | Dziamdziak · wall_segment Palisade Wall x1 |
| 9:39 | Dziamdziak · wall_segment Palisade Wall x1 |
| 13:40 | Dziamdziak · wall_segment Palisade Wall x1 |
| 13:43 | Dziamdziak · wall_segment Palisade Wall x1 |
| 13:43 | Dziamdziak · wall_segment Palisade Wall x1 |
| 13:44 | Dziamdziak · wall_segment Palisade Wall x1 |
| 14:16 | Dziamdziak · first_market_sell 100 stone |
| 18:08 | Dziamdziak · first_market_buy 100 food |
| 19:21 | RoR | Hellequinn · first_market_buy 100 food |
| 19:24 | RoR | Hellequinn · first_market_sell 100 wood |
| 20:49 | Dziamdziak · age_up castle |
| 22:09 | RoR | Hellequinn · age_up castle |
| 23:26 | RoR | Hellequinn · first_building Siege Workshop |
| 23:58 | Dziamdziak · first_building Siege Workshop |
| 24:17 | Dziamdziak · first_building Monastery |
| 24:22 | RoR | Hellequinn · first_building Monastery |
| 34:00 | Dziamdziak · wall_segment Palisade Wall x1 |
| 43:32 | Dziamdziak · wall_segment Palisade Wall x1 |
| 43:35 | Dziamdziak · wall_segment Palisade Wall x1 |
| 43:39 | Dziamdziak · wall_segment Palisade Wall x1 |
| 43:49 | Dziamdziak · age_up imperial |
| 50:54 | RoR | Hellequinn · resign |
[ AI ANALYSIS · 1 CREDIT ]
What really happened in this match?
Wolo.gg analyzes every decision: build order, eco, micro, common mistakes by bracket. Personalized analysis on WhatsApp or Discord in 30 seconds.
Civ guide
Armenians
Perfil
Jugador #605947